 Dungeon Crawl Stone Soup version 0.26-a0-466-g989023bd0d (webtiles) character file.

Game seed: 298771461507830648

3 Goblin1989 the Insei (level 1, -1/15 HPs)
             Began as a Demonspawn Transmuter on Aug 9, 2020.
             Slain by a jackal (3 damage)
             ... on level 1 of the Dungeon.
             The game lasted 00:00:47 (133 turns).

Goblin1989 the Insei (Demonspawn Transmuter)         Turns: 133, Time: 00:00:48

Health: -1/15      AC:  2    Str: 10    XL:     1   Next: 41%
Magic:  2/3        EV: 12    Int: 14    God:
Gold:   0          SH:  0    Dex: 13    Spells: 3/4 levels left

rFire    . . .     SeeInvis .     - Unarmed
rCold    . . .     Faith    .   (no shield)
rNeg     . . .     Spirit   .   a - +0 robe
rPois    .         Reflect  .   (helmet currently unavailable)
rElec    .         Harm     .   (no cloak)
rCorr    .                      (no gloves)
MR       .....                  (boots currently unavailable)
Stlth    +.........             (no amulet)
HPRegen  0.05/turn              (no ring)
MPRegen  0.08/turn              (no ring)

@: appendages (expiring)
A: horns 2, talons 2
a: End Transformation


You were on level 1 of the Dungeon.
You had grown temporary horns.
You had grown temporary talons.
You visited 1 branch of the dungeon, and saw 1 of its levels.

Inventory:

Armour
 a - a +0 robe (worn)
Scrolls
 b - a scroll of remove curse {unknown}


   Skills:
 - Level 1.0 Fighting
 - Level 1.7 Dodging
 - Level 2.6 Unarmed Combat
 - Level 2.0 Spellcasting
 + Level 2.1 Transmutations


You had 3 spell levels left.
You knew the following spells:

 Your Spells              Type           Power        Failure   Level
a - Beastly Appendage     Tmut           #.....       10%         1

Your spell library contained the following spells:

 Spells                   Type           Power        Failure   Level
 Wereblood                Tmut           #.......     16%         2
 Spider Form              Tmut/Pois      #.........   43%         3
 Ice Form                 Ice/Tmut       #.......     83%         4
 Blade Hands              Tmut           #.........   95%         5


Dungeon Overview and Level Annotations

Branches:
Dungeon (1/15)

Altars:


Innate Abilities, Weirdness & Mutations

You have a pair of horns on your head.
You have razor-sharp toenails.


Message History

The bosom of this dungeon contains the transcendent artefact, the Orb of Zot.
Press ? for a list of commands and other information.
Found a staircase leading out of the dungeon.
Unknown command.
A leopard gecko comes into view.
Found a scroll labeled PUPLACYGIST.
The leopard gecko hisses angrily.
Casting: Beastly Appendage (safe; 12% risk of failure)
Confirm with . or Enter, or press ? or * to list all spells.
You grow a pair of large bovine horns.
Your feet morph into talons.
You now have 2/3 mp.
You closely miss the leopard gecko. Your kick misses the leopard gecko.
The leopard gecko closely misses you.
You closely miss the leopard gecko. Your kick misses the leopard gecko.
The leopard gecko barely misses you.
You hit the leopard gecko.
The leopard gecko is heavily wounded.
The leopard gecko barely misses you.
You hit the leopard gecko. Your kick misses the leopard gecko.
The leopard gecko is almost dead.
Your transformation is almost over.
The leopard gecko bites you.
You take 2 damage, and have 13/15 hp.
You hit the leopard gecko but do no damage.
You claw the leopard gecko.
You kill the leopard gecko!
Your Transmutations skill increases to level 2!
Unknown command.
Unknown command.
Magic restored.
Your horns disappear.
Your talons disappear.
HP restored.
b - a scroll labeled PUPLACYGIST Health restored: 15; MP restored: 3 You open the door. 3 jackals and a kobold come into view.
The kobold shouts!
The jackal barks! x2
The kobold throws a stone.
The stone hits you.
You take 1 damage, and have 14/15 hp.
Casting: Beastly Appendage (safe; 11% risk of failure)
Confirm with . or Enter, or press ? or * to list all spells.
You grow a pair of large bovine horns.
Your feet morph into talons.
The jackal barks!
You now have 2/3 mp.
You closely miss the jackal. You barely miss the jackal. You miss the jackal.
You headbutt the jackal, but do no damage.
The jackal bites you.
The jackal bites you but does no damage.
You take 3 damage, and have 11/15 hp.
You closely miss the jackal. Your headbutt misses the jackal.
Your transformation is almost over.
The jackal bites you.
You take 2 damage, and have 9/15 hp.
You are too injured to fight recklessly!
You are too injured to fight recklessly!
You are too injured to fight recklessly!
You are too injured to fight recklessly!
You are too injured to fight recklessly!
You are too injured to fight recklessly!
You are too injured to fight recklessly!
You are too injured to fight recklessly!
You are too injured to fight recklessly!
You are too injured to fight recklessly!
You are too injured to fight recklessly!
You are too injured to fight recklessly!
You are too injured to fight recklessly!
You are too injured to fight recklessly!
You are too injured to fight recklessly!
You are too injured to fight recklessly!
You are too injured to fight recklessly!
You are too injured to fight recklessly!
You closely miss the jackal. The jackal closely misses you.
The jackal barely misses you.
Casting: Beastly Appendage (safe; 11% risk of failure)
Confirm with . or Enter, or press ? or * to list all spells.
You extend your transformation's duration.
The jackal barely misses you.
You now have 1/3 mp.
You hit the jackal.
You kill the jackal!
You hit the jackal. Your headbutt misses the jackal.
The jackal is lightly wounded.
The jackal bites you.
* * * LOW HITPOINT WARNING * * *
The jackal bites you.
* * * LOW HITPOINT WARNING * * *
You take 4 damage, and have 5/15 hp.
MASSIVE DAMAGE!!
You hit the jackal.
The jackal is heavily wounded.
The jackal bites you.
* * * LOW HITPOINT WARNING * * *
You take 3 damage, and have 2/15 hp.
You hit the jackal.
The jackal is severely wounded.
Your transformation is almost over.
The jackal barely misses you. The jackal bites you.
You die...

██....██.....██...
█......█████.....
██.....██ ██.....
█......███...... █
██......█......█ .██.
█.............█ .....
████████.████.█
█....K████████ █...†...
█.....hh@....█ █████...
█.....██████.█████████...


██▲██ █.█........... █.█████████... █.█ █... █.█ █.██ █.█████████.██
█............█ ██████████████ You could see 2 jackals and a kobold.

Vanquished Creatures
  A leopard gecko (D:1)
  A jackal (D:1)
2 creatures vanquished.

Notes
Turn   | Place    | Note
-------+----------+-------------------------------------------
     0 | D:1      | Goblin1989 the Demonspawn Transmuter began the quest for
                  | the Orb.
     0 | D:1      | Reached XP level 1. HP: 15/15 MP: 3/3
   133 | D:1      | Slain by a jackal

Illustrated notes

Levels and vault maps discovered:
D:1:      minmay_arrival_pointy, layout_basic, hangedman_decor_clover_reticule

Skill      XL: |  1 |
---------------+----+-----
Transmutations | 2 |  2.1
Fighting       | |  1.0
Dodging        | |  1.7
Unarmed Combat | |  2.6
Spellcasting   | |  2.0

Action                   || total
-------------------------++-------
Melee: Unarmed           ||    14
       Kick              ||     1
       Headbutt          ||     1
 Cast: Beastly Appendage ||     3
Armor: Robe              ||     1
Dodge: Dodged            ||     7

Table legend: (Time is in decaauts)
 A = Elapsed time spent in this place.
 B = Non-inter-level travel time spent in this place.
 C = Inter-level travel time spent in this place.
 D = Time resting spent in this place.
 E = Time spent auto-exploring this place.
 F = Levels seen in this place.
 G = Mean time per level.
                   A        B        C        D        E       F      G
               +--------+--------+--------+--------+--------+-----+--------+
         Total |    132 |    132 |      0 |      0 |    109 |   1 |  132.0 |
       Dungeon |    132 |    132 |      0 |      0 |    109 |   1 |  132.0 |
               +--------+--------+--------+--------+--------+-----+--------+

Top non-repeatable levels by time:
     D:1: 132 daAuts
